 Dungeon Crawl Stone Soup version 0.25-a0-1024-gbfbf38f2cb (webtiles) character file.

Game seed: 2136752445277418213, levelgen mode: deterministic

282 Flugslaktarn the Chopper (level 6, -1/43 HPs)
             Began as an Octopode Fighter on May 12, 2020.
             Killed from afar by an orc wizard (5 damage)
             ... with a magic dart
             ... on level 4 of the Dungeon.
             The game lasted 00:01:26 (2993 turns).

Flugslaktarn the Chopper (Octopode Fighter)         Turns: 2993, Time: 00:01:27

Health: -1/43      AC:  1    Str: 16    XL:     6   Next: 28%
Magic:  6/6        EV: 12    Int: 10    God:
Gold:   146        SH: 10    Dex: 13    Spells: 5/5 levels left

rFire    . . .     SeeInvis .   a - +1 war axe
rCold    . . .     Gourm    .   b - +1 kite shield
rNeg     . . .     Faith    .   (helmet restricted)
rPois    .         Spirit   .   (no amulet)
rElec    .         Reflect  .   (no ring)
rCorr    .         Harm     .   (no ring)
MR       .....                  (no ring)
Stlth    ++........             (no ring)
HPRegen  0.14/turn              (no ring)
MPRegen  0.10/turn              (no ring)
                                (no ring)
                                (no ring)

@: no status effects
A: almost no armour, stealthy swim, amphibious, 8 rings, constrict 8, camouflage
1, gelatinous body 1
a: no special abilities


You were on level 4 of the Dungeon.
You were not hungry.

You visited 1 branch of the dungeon, and saw 4 of its levels.

You collected 146 gold pieces.

Inventory:

Hand Weapons
 a - a +1 war axe (weapon)
Missiles
 n - 2 throwing nets (quivered)
Armour
 b - a +1 kite shield (worn)
Scrolls
 f - a scroll of fear
 p - a scroll of fog
 t - a scroll of teleportation
 x - 2 scrolls of remove curse
Potions
 d - a potion of might
 h - 2 potions of haste
 j - a potion of invisibility
 k - a potion of stabbing
 q - a potion of cancellation
 w - 2 potions of heal wounds
Comestibles
 e - 3 rations


   Skills:
 + Level 4.0 Fighting
 * Level 4.2 Axes
 + Level 4.0 Dodging
 + Level 4.1 Shields


You had 5 spell levels left.
You didn't know any spells.
Your spell library was empty.

Dungeon Overview and Level Annotations

Branches:
Dungeon (4/15)
 Temple: D:4-7

Altars:
Elyvilon
Sif Muna
Wu Jian
Xom

Annotations:
D:4 Edmund


Innate Abilities, Weirdness & Mutations

You cannot wear most types of armour.
You are very stealthy in the water. (Stealth+)
You are amphibious.
You can wear up to eight rings at the same time.
You can use your tentacles to constrict eight enemies at once.
Your skin changes colour to match your surroundings (Stealth+).
Your rubbery body absorbs attacks. (AC +1, EV +1)


Message History

You hit the orc. You grab the orc.
The orc is heavily wounded.
You hit the orc. You hit Edmund. You constrict the orc.
You kill the orc!
Edmund hits you with a +2 flail of protection!
The orc completely misses you.
You barely miss the orc. Your grab misses the orc.
The orc is moderately wounded.
You hit Edmund. Edmund barely misses you.
The orc wizard mumbles some strange words.
The orc wizard seems to speed up.
You block the orc's attack.
Edmund hits you with a +2 flail of protection.
You slash the orc!
You kill the orc!
You hit Edmund. You hit the orc.
Edmund hits you with a +2 flail of protection!
* * * LOW HITPOINT WARNING * * *
The orc wizard points at you and mumbles some strange words.
The magic dart hits you.
You die...

#.#.
##.#.
..>.
##...
#....
#.#.#.o
#...w.@##
#oo.####
#.#@#..#
#.._..<#
###.##.#
#.##.#
#....#
####.#
..# #..
#.#


You could see Edmund, a worm, an orc wizard (fast) and 2 orcs.

Vanquished Creatures
  An ogre (D:4)
  Jessica (D:2)
  7 adders
  An ooze (D:1)
  4 worms
  4 dart slugs
  2 leopard geckos
  2 orcs (D:4)
  5 giant cockroaches
  15 hobgoblins
  4 jackals (D:3)
  2 quokkas
  A ball python (D:1)
  10 bats
  3 frilled lizards
  6 goblins
  5 kobolds
  A quokka skeleton (D:4)
  7 rats
81 creatures vanquished.

Notes
Turn   | Place    | Note
-------+----------+-------------------------------------------
     0 | D:1      | Flugslaktarn the Octopode Fighter began the quest for the
                  | Orb.
     0 | D:1      | Reached XP level 1. HP: 16/16 MP: 1/1
   156 | D:1      | Reached XP level 2. HP: 19/21 MP: 2/2
   354 | D:1      | Reached XP level 3. HP: 26/26 MP: 3/3
   879 | D:2      | Reached XP level 4. HP: 27/31 MP: 4/4
  1127 | D:2      | Found an ornate altar of the Wu Jian Council.
  1552 | D:2      | Noticed Jessica
  1556 | D:2      | Killed Jessica
  1556 | D:2      | Reached XP level 5. HP: 35/36 MP: 5/5
  1852 | D:3      | Found a white marble altar of Elyvilon.
  2683 | D:3      | Found a shimmering blue altar of Sif Muna.
  2979 | D:4      | Found a shimmering altar of Xom.
  2984 | D:4      | Noticed an ogre
  2985 | D:4      | Noticed Edmund
  2989 | D:4      | Killed an ogre
  2989 | D:4      | Reached XP level 6. HP: 26/43 MP: 6/6
  2993 | D:4      | Killed from afar by an orc wizard

Illustrated notes

Levels and vault maps discovered:
D:1:      lightli_arrival_noodles, layout_basic
D:2:      layout_loops_ring, lemuel_crystal_altar, minmay_box_of_dots,
          uniq_jessica
D:3:      layout_loops_corners, tgw_sif, lemuel_round_altar
D:4:      layout_loops_ring, kennysheep_mini, lemuel_crystal_altar,
          first_ration, uniq_menkaure, uniq_pikel, uniq_edmund

Skill      XL: |  1  2  3  4  5 |
---------------+----------------+-----
Axes           | 3 4 |  4.2
Fighting       | 4 |  4.0
Dodging        | 4 |  4.0
Shields        | 4 |  4.1

Action                   |  1- 3 |  4- 6 || total
-------------------------+-------+-------++-------
Melee: War axe           |    47 |    95 ||   142
       Constrict         |    16 |    22 ||    38
       Tentacles         |     6 |    20 ||    26
  Use: Scroll            |       |    12 ||    12
 Stab: Sleeping          |     4 |     6 ||    10
       Distracted        |       |     1 ||     1
  Eat: Chunk             |       |     5 ||     5
       Ration            |       |     1 ||     1
Armor: Skin              |     3 |     1 ||     4
Dodge: Dodged            |    20 |    61 ||    81
Block: Kite shield       |    24 |    44 ||    68

Table legend:
 A = Non-vault XP
 B = Vault XP
 C = Vault XP percentage of total XP
 D = Non-vault monster count
 E = Vault monster count
 F = Vault count percentage of total count
                 A         B        C        D         E       F
            +---------+---------+-------+---------+---------+-------
      Total |     360 |      43 |  10.7 |      78 |       3 |   3.7
            +---------+---------+-------+---------+---------+-------
        D:1 |      59 |       0 |   0.0 |      30 |       0 |   0.0
        D:2 |     115 |      43 |  27.2 |      26 |       3 |  10.3
        D:3 |      57 |       0 |   0.0 |      18 |       0 |   0.0
        D:4 |     129 |       0 |   0.0 |       4 |       0 |   0.0
            +---------+---------+-------+---------+---------+-------
